 Dungeon Crawl Stone Soup version 0.27-a0-1277-g3808f8b1c9 (webtiles) character file.

Game seed: 16560099167115978034

45766 dfl the Geomancer (level 14, 0/86 HPs)
             Began as a Gargoyle Earth Elementalist on June 12, 2021.
             Was a Believer of Vehumet.
             Slain by a reaper (1 damage)
             ... in an ice cave.
             The game lasted 00:47:07 (22397 turns).

dfl the Geomancer (Gargoyle Earth Elementalist)    Turns: 22397, Time: 00:47:08

Health: 0/86       AC: 24    Str: 12    XL:     14   Next: 34%
Magic:  2/36       EV: 13    Int: 21    God:    Vehumet [**....]
Gold:   1439       SH:  0    Dex:  8    Spells: 17/31 levels left

rFire    . . .     SeeInvis .   C - staff of cold
rCold    + . .     Faith    .   (no shield)
rNeg     + . .     Spirit   .   v - +2 steam dragon scales
rPois    ∞         Reflect  .   B - +1 helmet
rElec    +         Harm     .   p - +2 cloak
rCorr    .         Rampage  .   (no gloves)
Will     +....                  (no boots)
Stlth    ++........             x - amulet of regeneration
HPRegen  1.24/turn              m - ring of wizardry
MPRegen  0.25/turn              I - ring of magical power

@: flying
A: sickness immunity, AC +10, big wings, negative energy resistance 1,
electricity resistance, torment resistance 1, petrification resistance, clumsy 1
a: Renounce Religion


You were in an ice cave.
You worshipped Vehumet.
Vehumet was pleased with you.
You visited 3 branches of the dungeon, and saw 19 of its levels.
You also visited: Sewer and Ice Cave.

You collected 1935 gold pieces.
You spent 496 gold pieces at shops.

Inventory:

Hand Weapons
 n - a +9 quick blade
 D - a +3 eveningstar of holy wrath
 E - the +9 flail of Typiynani {venom, Fly rC- Str+3}
   (You found it on level 11 of the Dungeon)

   It poisons the flesh of those it strikes.
   It affects your strength (+3).
   It makes you vulnerable to cold.
   It grants you flight.
 F - the +10 trident of Victory {flame, +Blink}
   (You found it on level 14 of the Dungeon)

   It has been specially enchanted to burn those struck by it, causing extra
   injury to most foes and up to half again as much damage against particularly
   susceptible opponents.
   It lets you blink.
Missiles
 b - 479 stones
 g - 7 curare-tipped darts
 G - 12 atropa-tipped darts
 H - 2 throwing nets
Armour
 p - a +2 cloak (worn)
 v - +2 steam dragon scales (worn)
 B - a +1 helmet (worn)
Magical Staves
 C - a staff of cold (weapon)
Jewellery
 d - a +6 ring of dexterity
 h - a ring of fire
 l - a ring of wizardry
 m - a ring of wizardry (left hand)
 s - a ring of flight
 x - an amulet of regeneration (around neck)
 I - a ring of magical power (right hand)
 O - a +4 ring of evasion
Wands
 q - a wand of digging (10)
 t - a wand of paralysis (7)
 u - a wand of iceblast (25)
 y - a wand of polymorph (15)
 J - a wand of mindburst (14)
 N - a wand of flame (23)
Scrolls
 a - 7 scrolls of teleportation
 c - 6 scrolls of identify
 i - 3 scrolls of fog
 o - a scroll of holy word
 K - 2 scrolls of amnesia
Potions
 e - 4 potions of haste
 f - 3 potions of ambrosia
 j - 10 potions of curing
 k - 2 potions of magic
 r - 4 potions of lignification
 w - 7 potions of flight
 z - 5 potions of attraction
 M - 2 potions of brilliance
Miscellaneous
 A - a phantom mirror
 L - a phial of floods


   Skills:
 + Level 9.4 Fighting
 + Level 8.7 Maces & Flails
 - Level 6.0 Armour
 + Level 7.5 Dodging
 - Level 2.1 Stealth
 + Level 9.4 Spellcasting
 + Level 10.4 Conjurations
 - Level 0.7 Transmutations
 + Level 12.1 Earth Magic
 + Level 8.1 Evocations


You had 17 spell levels left.
You knew the following spells:

 Your Spells              Type           Power      Damage    Failure   Level
a - Sandblast             Erth           100%       2d20      1%          1
b - Stone Arrow           Conj/Erth      100%       3d13      1%          3
c - Lee's Rapid Deconstr  Erth           28%        3d16*     1%          5
d - Irradiate             Conj/Tmut      16%        3d19      8%          5

Your spell library contained the following spells:

 Spells                   Type           Power      Damage    Failure   Level
 Shock                    Conj/Air       100%       1d9       1%          1
 Magic Dart               Conj           100%       1d8       1%          1
 Passwall                 Tmut/Erth      30%        N/A       1%          2
 Static Discharge         Conj/Air       31%        N/A       1%          2
 Conjure Flame            Conj/Fire      31%        6-21      1%          3
 Mephitic Cloud           Conj/Pois/Air  24%        N/A       1%          3
 Petrify                  Tmut/Erth      36%        N/A       1%          4
 Animate Skeleton         Necr           18%        N/A       2%          1
 Apportation              Tloc           18%        N/A       2%          1
 Pain                     Necr           36%        1d5       2%          1
 Sting                    Tmut/Pois      44%        1d5       2%          1
 Animate Armour           Summ/Erth      70%        N/A       2%          4
 Blink                    Tloc           N/A        N/A       4%          2
 Call Imp                 Summ           9%         N/A       4%          2
 Poisonous Vapours        Pois/Air       18%        N/A       4%          2
 Slow                     Hex            9%         N/A       4%          2
 Ignite Poison            Fire/Tmut/Pois 10%        N/A       8%          3
 Lesser Beckoning         Tloc           4%         N/A       9%          3
 Tukima's Dance           Hex            9%         N/A       9%          3
 Vampiric Draining        Necr           4%         2d6       9%          3
 Lightning Bolt           Conj/Air       15%        1d29      9%          5
 Freezing Cloud           Conj/Ice/Air   18%        6-21      17%         5
 Animate Dead             Necr           4%         N/A       26%         4
 Summon Lightning Spire   Summ/Air       9%         N/A       26%         4
 Conjure Ball Lightning   Conj/Air       15%        3x3d6     43%         6
 Alistair's Intoxication  Tmut/Pois      7%         N/A       52%         5
 Agony                    Necr           9%         N/A       56%         5
 Silence                  Hex/Air        4%         N/A       56%         5
 Eringya's Noxious Bog    Tmut/Pois      5%         N/A       97%         6
 Invisibility             Hex            4%         N/A       98%         6
 Storm Form               Tmut/Air       5%         N/A       100%        7
 Ignition                 Fire           4%         3d4       100%        8
 Polar Vortex             Ice            7%         N/A       100%        9
 Shatter                  Erth           28%        3d24*     100%        9
 Sublimation of Blood     Necr           Unusable   N/A       N/A         2

Dungeon Overview and Level Annotations

Branches:
Dungeon (15/15)            Temple (1/1) D:7            Lair (3/6) D:9
  Snake (0/4) Lair:3          Orc (0/2) D:10         Vaults (0/5) D:13
  Sewer (visited)           IceCv (1/1)
  Swamp: Lair:2-4    Shoals: Lair:2-4    Depths: D:15

Altars:
Ashenzari
Kikubaaqudgha
Sif Muna
Trog
Vehumet
Xom
Zin

Shops:
D:8 *

Annotations:
D:14 1 runed translucent door, Jakan's ghost, adept VSIE


Innate Abilities, Weirdness & Mutations

You are immune to sickness and miasma.
Your stone body is resilient. (AC +10)
You are immune to poison.
Your large and strong wings let you fly.
You resist negative energy. (rN+)
You are resistant to electric shocks. (rElec)
You are resistant to unholy torment.
You are immune to petrification.
You are clumsy. (Dex -2)


Message History

Casting: Stone Arrow (safe; 1% risk of failure)
Confirm with . or Enter, or press ? or * to list all spells.
Aiming: Stone Arrow (safe; 1% risk of failure)
Press: ? - help, Shift-Dir - straight line, f - reaper
Aim: a reaper, wielding a +0 scythe of freezing (freezing vapour, lightly wounded, 78% to hit)
The stone arrow hits the reaper!
The reaper is lightly wounded.
The reaper is engulfed in freezing vapours. x2
The reaper hits you from afar with a +0 scythe of freezing!
Casting: Stone Arrow (safe; 1% risk of failure)
Confirm with . or Enter, or press ? or * to list all spells.
Aiming: Stone Arrow (safe; 1% risk of failure)
Press: ? - help, Shift-Dir - straight line, f/p - reaper
Aim: a reaper, wielding a +0 scythe of freezing (freezing vapour, moderately wounded, 78% to hit)
The stone arrow hits the reaper!
The reaper is moderately wounded.
The reaper is engulfed in freezing vapours.
The reaper hits you from afar with a +0 scythe of freezing!!
The reaper freezes you.
Casting: Stone Arrow (safe; 1% risk of failure)
Confirm with . or Enter, or press ? or * to list all spells.
Aiming: Stone Arrow (safe; 1% risk of failure)
Press: ? - help, Shift-Dir - straight line, f/p - reaper
Aim: a reaper, wielding a +0 scythe of freezing (freezing vapour, heavily wounded, 78% to hit)
The stone arrow hits the reaper!
The reaper is heavily wounded.
The reaper hits you from afar with a +0 scythe of freezing!!
The reaper freezes you.
* * * LOW HITPOINT WARNING * * *
You feel better.
The reaper is engulfed in freezing vapours.
The reaper hits you from afar with a +0 scythe of freezing!!
* * * LOW HITPOINT WARNING * * *
The reaper freezes you.
* * * LOW HITPOINT WARNING * * *
You feel better.
The reaper hits you from afar with a +0 scythe of freezing!
* * * LOW HITPOINT WARNING * * *
The reaper freezes you.
You die...

###...###### ###.
##.......# ##
###.......§..
###......○○.##.
##......####..##
##.......#§....§§
##.......##§..≈.§#
#.......##§§§°.○##
##......@§2§§#
##.....###§§#
###..#§ §.# ####.☼
..# ##.... ##...
##2# ..


You could see a reaper.

Vanquished Creatures
  A bunyip (D:12)
  6 hydras
  2 centaur warriors
  2 dancing weapons (D:13)
  5 two-headed ogres
  Urug (D:10)
  4 death yaks
  2 deep elf pyromancers
  An ugly thing (D:13)
  6 cyclopes
  3 centaur zombies
  3 black mambas
  3 cane toads
  2 ice statues (IceCv)
  A torpor snail (Lair:1)
  5 gargoyles
  An efreet (D:13)
  2 kobold demonologists
  2 komodo dragons (Lair:1)
  8 ice devils
  3 trolls
  7 polar bears
  12 blink frogs
  A slime creature (D:12)
  A centaur simulacrum (D:14)
  4 wraiths
  3 wyverns
  A vampire (D:12)
  A steam dragon (D:8)
  A basilisk (Lair:3)
  6 vampire mosquitoes
  37 yaks
  Edmund (D:5)
  A naga (Lair:3)
  5 water moccasins
  An acid dragon (D:9)
  Duvessa (D:4)
  A sky beast (D:5)
  2 black bears
  5 orc warriors
  An ice beast (D:7)
  3 necrophages
  3 wolves (Lair:2)
  18 centaurs
  4 ogres
  A phantom (D:6)
  5 bullfrogs
  2 kobold brigands
  3 scorpions
  Dowan (D:4)
  20 killer bees
  12 wights
  3 howler monkeys
  A bullfrog zombie (D:5)
  A gnoll shaman (D:6)
  3 orc priests
  A bullfrog skeleton (D:6)
  2 centaur skeletons
  An iguana (D:6)
  6 orc wizards
  A hound skeleton (D:4)
  2 howler monkey zombies (D:11)
  7 adders
  6 gnolls
  9 white imps (IceCv)
  3 ufetubi
  6 worms
  A dart slug (D:3)
  24 orcs
  11 ball pythons
  16 bats
  15 endoplasms
  9 giant cockroaches
  9 goblins
  7 hobgoblins
  15 jackals
  13 quokkas
  3 frilled lizards
  11 kobolds
  7 rats
420 creatures vanquished.

Vanquished Creatures (others)
  Jorgrun (D:13)
  A centaur warrior (D:13)
  An orc wizard (D:11)
  3 white imps (IceCv)
  6 ufetubi (IceCv)
  2 fungi (Lair:3)
  8 plants
22 creatures vanquished.

Grand Total: 442 creatures vanquished

Notes
Turn   | Place    | Note
-------+----------+-------------------------------------------
     0 | D:1      | dfl the Gargoyle Earth Elementalist began the quest for the
                  | Orb.
     0 | D:1      | Reached XP level 1. HP: 10/10 MP: 3/3
   101 | D:1      | Found a faded altar of an unknown god.
   114 | D:1      | Reached XP level 2. HP: 9/15 MP: 3/5
   317 | D:1      | Reached skill level 4 in Earth Magic
   985 | D:1      | Reached XP level 3. HP: 19/19 MP: 2/6
   989 | D:1      | Learned a level 3 spell: Stone Arrow
  1949 | D:2      | Reached skill level 1 in Conjurations
  2252 | D:2      | Reached XP level 4. HP: 17/24 MP: 8/8
  3440 | D:3      | Reached skill level 5 in Earth Magic
  3669 | D:3      | Reached XP level 5. HP: 23/28 MP: 0/9
  3675 | D:3      | Learned a level 5 spell: Lee's Rapid Deconstruction
  3802 | D:3      | Identified a scroll of acquirement
  3802 | D:3      | Acquired a +4 quick blade
  4955 | D:4      | Noticed Dowan
  4955 | D:4      | Noticed Duvessa
  4988 | D:4      | Killed Duvessa
  4989 | D:4      | Reached XP level 6. HP: 15/32 MP: 9/11
  5005 | D:4      | Killed Dowan
  5234 | D:4      | Reached skill level 6 in Earth Magic
  5239 | D:4      | Reached XP level 7. HP: 31/36 MP: 5/13
  5648 | D:5      | Entered Level 5 of the Dungeon
  5728 | D:5      | Noticed Edmund
  5732 | D:5      | Killed Edmund
  5953 | D:5      | Reached skill level 1 in Fighting
  5953 | D:5      | Reached skill level 1 in Maces & Flails
  5953 | D:5      | Reached skill level 1 in Armour
  5953 | D:5      | Reached skill level 7 in Earth Magic
  5953 | D:5      | Reached skill level 1 in Evocations
  5953 | D:5      | Reached XP level 8. HP: 39/43 MP: 4/15
  6052 | D:5      | Reached skill level 5 in Spellcasting
  6928 | D:6      | Reached skill level 5 in Conjurations
  7283 | D:6      | Found a glowing drain.
  7296 | Sewer    | Entered a sewer
  8271 | D:6      | Reached XP level 9. HP: 44/49 MP: 15/17
  8913 | D:7      | Found a staircase to the Ecumenical Temple.
  9452 | D:8      | Reached skill level 8 in Earth Magic
  9780 | D:8      | Reached XP level 10. HP: 35/56 MP: 17/19
 10029 | D:8      | Found Veulyqor's Assorted Antiques.
 10037 | D:8      | Bought a scroll of identify for 54 gold pieces
 10037 | D:8      | Bought a ruby potion for 24 gold pieces
 10037 | D:8      | Bought a potion of curing for 81 gold pieces
 10037 | D:8      | Bought a scroll of identify for 54 gold pieces
 10037 | D:8      | Bought a potion of curing for 81 gold pieces
 10118 | D:8      | Gained mutation: You are clumsy. (Dex -2) [potion of
                  | mutation]
 10647 | D:8      | Reached skill level 5 in Armour
 10989 | D:9      | Reached skill level 5 in Fighting
 10989 | D:9      | Reached skill level 9 in Earth Magic
 11112 | D:9      | Noticed a two-headed ogre
 11119 | D:9      | Killed a two-headed ogre
 11120 | D:9      | Reached XP level 11. HP: 64/64 MP: 2/21
 11339 | D:9      | Noticed a death yak
 11340 | D:9      | Found a staircase to the Lair.
 11469 | D:9      | Killed a death yak
 11470 | D:9      | Reached skill level 5 in Maces & Flails
 11498 | D:9      | Noticed a death yak
 11498 | D:9      | Noticed a two-headed ogre
 11499 | D:9      | Noticed a death yak
 11517 | D:9      | Killed a two-headed ogre
 11531 | D:9      | Killed a death yak
 11540 | D:9      | Killed a death yak
 11541 | D:9      | Reached skill level 5 in Evocations
 11814 | D:9      | Identified the Catalogue of the Rocks and Venom
 11878 | D:9      | Reached skill level 5 in Dodging
 12130 | D:10     | Entered Level 10 of the Dungeon
 12665 | D:10     | Reached skill level 10 in Earth Magic
 12667 | D:10     | Reached XP level 12. HP: 37/71 MP: 0/23
 12727 | D:10     | Acquired 828 gold pieces
 12844 | D:10     | Found a staircase to the Orcish Mines.
 12891 | D:10     | Found a glowing silver altar of Zin.
 12925 | D:10     | Noticed Urug
 12946 | D:10     | Killed Urug
 13496 | D:11     | Noticed a centaur warrior
 13513 | D:11     | Killed a centaur warrior
 13720 | D:11     | Noticed a two-headed ogre
 13737 | D:11     | Killed a two-headed ogre
 14079 | D:11     | Identified the +9 flail of Typiynani {venom, Fly rC- Str+3}
 14422 | D:12     | Noticed a two-headed ogre
 14426 | D:12     | Noticed a boulder beetle
 14438 | D:12     | Killed a two-headed ogre
 14440 | D:12     | Noticed a bunyip
 14440 | D:12     | a boulder beetle changed into a bunyip
 14444 | D:12     | Killed a bunyip
 14884 | D:8      | Bought a scroll of enchant armour for 202 gold pieces
 15665 | Temple   | Entered the Ecumenical Temple
 15701 | Temple   | Became a worshipper of Vehumet
 15858 | D:12     | Noticed a two-headed ogre
 15871 | D:12     | Killed a two-headed ogre
 15872 | D:12     | Reached XP level 13. HP: 32/78 MP: 21/25
 16292 | D:13     | Noticed Jorgrun
 16306 | D:13     | Killed Jorgrun
 16307 | D:13     | Reached skill level 11 in Earth Magic
 16385 | D:13     | Found a gate to the Vaults.
 18088 | D:14     | Identified the +10 trident of Victory {flame, +Blink}
 18132 | D:14     | You fall into a shaft and drop 1 floor!
 18132 | D:15     | Entered Level 15 of the Dungeon
 18332 | D:14     | Reached * piety under Vehumet
 18332 | D:14     | Offered knowledge of Foxfire by Vehumet.
 18426 | D:14     | Found a runed translucent door.
 18430 | D:14     | Found a shimmering altar of Xom.
 18430 | D:14     | Noticed Jakan's ghost (adept VSIE)
 18431 | D:14     | Identified the +6 glaive "Ohafi" {chaos, +Rage Fly rC-
                  | Int-4}
 18739 | D:14     | Found a bloodstained altar of Trog.
 18739 | D:14     | Identified the +2 chain mail of the Amoeba {+Blink rElec
                  | Str-4}
 18922 | Lair:1   | Entered Level 1 of the Lair of Beasts
 19237 | Lair:1   | Reached skill level 10 in Conjurations
 20038 | Lair:1   | Gained mutation: Your large and strong wings let you fly.
                  | [Gargoyle growth]
 20038 | Lair:1   | Reached XP level 14. HP: 86/86 MP: 26/27
 20975 | Lair:2   | Reached skill level 12 in Earth Magic
 21521 | Lair:3   | Found a staircase to the Snake Pit.
 21750 | Lair:3   | Found a frozen archway.
 21752 | Lair:3   | Offered knowledge of Shock by Vehumet.
 21755 | Lair:3   | Reached ** piety under Vehumet
 21761 | IceCv    | Entered an ice cave
 21960 | IceCv    | Learned a level 5 spell: Irradiate
 22386 | IceCv    | Noticed a reaper
 22396 | IceCv    | HP: 4/86 [reaper (2)]
 22397 | IceCv    | HP: 1/86 [reaper (10)]
 22397 | IceCv    | Slain by a reaper

Illustrated notes

Levels and vault maps discovered:
D:1:      scummos_arrival_simple_fountains, layout_loops_corners, serial_forest,
          infiniplex_forest_corner_1, infiniplex_forest_clump_small,
          infiniplex_forest_lined_2, infiniplex_forest_straight_4,
          infiniplex_forest_straight_2, infiniplex_forest_clump_long,
          infiniplex_forest_lined_3, chequers_ecumenical_altar_simple_redux
D:2:      layout_loops_ring, kennysheep_minor_cross
D:3:      layout_loops_cross, serial_bayou_pond_a,
          minmay_fractal_squares_gapless_5
D:4:      layout_gridville, uniq_duvessa
D:5:      layout_loops_corners, serial_rivers, chequers_serial_rivers_room_b,
          chequers_serial_rivers_small_3, chequers_serial_rivers_room_a,
          chequers_serial_rivers_micro_d, uniq_edmund
D:6:      layout_loops_ring, gup_sewer_entry_pipe
D:7:      layout_loops_ring, minmay_temple_entry_from_below_a,
          hangedman_decor_riveting, grunt_ministairs_10
D:8:      black_bear_nest_2, layout_basic, serial_shops, shop
D:9:      layout_roguey, dpeg_lair_monsters
D:10:     cheibrodos_statue_roulette, layout_cave_pools,
          nicolae_overflow_crystal_walls, david_orc_2,
          chequers_serial_rivers_small_b, uniq_urug
D:11:     layout_basic, gauntlet_entry_generic
D:12:     layout_loops_ring
D:13:     layout_loops_ring, erik_vaults_1, uniq_jorgrun
D:14:     layout_rooms, ebering_ghost_xom, minmay_staircase_bubble,
          chequers_arboretum, trog_ov_bears_minmay
D:15:     gammafunk_depths_entry_grave, layout_loops_ring,
          nemelex_xobeh_ov_fountains_minmay, minmay_strange_pillars
Temple:   minmay_crystal_snake_temple
Lair:1:   layout_hall_layers
Lair:2:   layout_chaotic_city, cheibrodos_lair_lostbears,
          infiniplex_staircase_pool_2, serial_bayou_shore_b
Lair:3:   layout_gridlike, guppyfry_snake_entry_island,
          portal_ice_cave_demonic_guard
IceCv:    ice_cave_small_demon

Skill      XL: |  1  2  3  4  5  6  7  8  9 10 11 12 13 14 |
---------------+-------------------------------------------+-----
Earth Magic    | 4 5 6 7 8 9 10 11 12 | 12.1
Conjurations   | 1 3 4 5 6 7 8 9 10 | 10.4
Spellcasting   | 3 4 5 6 7 8 9 |  9.4
Fighting       | 1 2 4 5 6 7 9 |  9.4
Maces & Flails | 1 2 3 4 6 7 8 |  8.7
Armour         | 1 2 4 5 6 |  6.0
Dodging        | 2 3 4 5 6 7 |  7.5
Evocations     | 1 2 3 4 5 6 7 8 |  8.1
Stealth        | |  2.1
Transmutations | |  0.7

Action                   |  1- 3 |  4- 6 |  7- 9 | 10-12 | 13-15 || total
-------------------------+-------+-------+-------+-------+-------++-------
Melee: Unarmed           |   103 |       |       |       |       ||   103
       Spear             |    87 |    85 |       |       |       ||   172
       Quick blade       |       |    94 |   439 |   644 |   262 ||  1439
       Flail             |       |       |       |    15 |       ||    15
       Staff             |       |       |       |       |    32 ||    32
 Cast: Sandblast         |    19 |    17 |     4 |    31 |    26 ||    97
       Stone Arrow       |       |    15 |    26 |    64 |   123 ||   228
       Lee's Rapid Decon |       |       |     3 |    24 |    34 ||    61
Evoke: Wand              |       |     1 |     3 |     2 |     1 ||     7
       Phantom mirror    |       |       |       |     1 |     1 ||     2
  Use: Scroll            |       |     6 |    14 |    15 |     5 ||    40
       Potion            |       |     1 |       |     8 |     7 ||    16
 Stab: Sleeping          |     6 |     7 |     4 |     2 |     2 ||    21
       Invisible         |       |       |       |       |     1 ||     1
Armor: Robe              |    96 |    33 |   206 |    29 |       ||   364
       Steam dragon scal |       |       |       |   261 |   215 ||   476
Dodge: Dodged            |   156 |    88 |   232 |   430 |   275 ||  1181

Table legend: (Time is in decaauts)
 A = Elapsed time spent in this place.
 B = Non-inter-level travel time spent in this place.
 C = Inter-level travel time spent in this place.
 D = Time resting spent in this place.
 E = Time spent auto-exploring this place.
 F = Levels seen in this place.
 G = Mean time per level.
                   A        B        C        D        E       F      G
               +--------+--------+--------+--------+--------+-----+--------+
         Total |  22106 |  21143 |    963 |   2195 |  14532 |  21 | 1052.7 |
       Dungeon |  17897 |  16995 |    902 |   1678 |  11924 |  15 | 1193.1 |
        Temple |     49 |     36 |     13 |      0 |     24 |   1 |   49.0 |
          Lair |   2789 |   2742 |     47 |    169 |   1988 |   3 |  929.7 |
         Sewer |    737 |    737 |      0 |      0 |    574 |   1 |  737.0 |
      Ice Cave |    632 |    632 |      0 |    348 |     21 |   1 |  632.0 |
               +--------+--------+--------+--------+--------+-----+--------+

Top non-repeatable levels by time:
     D:1: 1852 daAuts
     D:9: 1529 daAuts
    D:12: 1446 daAuts
     D:8: 1415 daAuts
     D:2: 1396 daAuts
  Lair:1: 1370 daAuts
    D:13: 1330 daAuts
    D:11: 1300 daAuts
     D:3: 1261 daAuts
     D:5: 1215 daAuts
    D:14: 1196 daAuts
     D:6: 1125 daAuts
     D:4: 1115 daAuts
  Lair:2: 1088 daAuts
    D:10: 980 daAuts
